 Dungeon Crawl Stone Soup version 0.31.0-9-g3a7656b989 (webtiles) character file.

Game seed: 12004892877283622334

18678 EnegeticOcto the Thaumaturge (level 12, 0/63 HPs)
             Began as a Spriggan Enchanter on Feb 2, 2024.
             Was an Elder of Ashenzari.
             Hit by a javelin thrown by Urug (27 damage)
             ... on level 5 of the Lair of Beasts.
             The game lasted 00:35:51 (4712 turns).

EnegeticOcto the Thaumaturge (Spriggan Enchanter)   Turns: 4712, Time: 00:35:51

Health: 0/63       AC: 10    Str:  4    XL:     12   Next: 29%
Magic:  9/29       EV: 25    Int: 20    God:    Ashenzari [****..]
Gold:   751        SH:  7    Dex: 23    Spells: 28/36 levels left

rFire   . . .        l - +2 short sword "Eternal Together" {venom, Range, Melee} (curse)
rCold   . . .        C - +0 buckler "Bound Seeker" {Fort, Sorc} (curse)
rNeg    . . .        b - +0 troll leather armour "Manifest Awkwardness" {Regen+, Cun, Dev} (curse)
rPois   .            (helmet restricted)
rElec   .            s - +2 cloak of the Enigmatic Planets {Sorc, Dev} (curse)
rCorr   .            (gloves unavailable)
SInv    +            (boots unavailable)
Will    ++...        (no amulet)
Stlth   +++++        L - +6 ring of dexterity
HPRegen 1.10/turn    y - ring "Revealing Affliction" {AC+4, Elem, Comp} (curse)
MPRegen 0.21/turn

%: clarity
@: very quick
A: very small, no large weapons, unfitting armour, see invisible, speed 3
a: Renounce Religion, Curse Item, Shatter the Chains


You were on level 5 of the Lair of Beasts.
You worshipped Ashenzari.
Ashenzari was greatly pleased with you.
You visited 2 branches of the dungeon, and saw 18 of its levels.

You collected 1295 gold pieces.
You spent 544 gold pieces at shops.

Inventory:

Hand Weapons
 a - a +1 dagger
 l - the cursed +2 short sword "Eternal Together" (weapon) {venom, Range, Melee}
   (You took it off a kobold on level 4 of the Dungeon)

   It has a curse which improves the following skills: Ranged Combat: Ranged
   Weapons and Throwing.
   Melee Combat: Short Blades, Long Blades, Axes, Maces & Flails, Polearms,
   Staves and Unarmed Combat.
 x - a +2 short sword of venom
   (You took it off an orc on level 8 of the Dungeon)
 F - a +2 dagger of distortion
   (You took it off a kobold on level 10 of the Dungeon)
 H - a +2 vampiric dagger
   (You took it off an orc on level 7 of the Dungeon)
 P - the +7 dagger of Mennem {flame, rN+}
   (You found it on level 3 of the Lair of Beasts)

   rN+:       It protects you from negative energy.
Missiles
 z - 15 curare-tipped darts (quivered)
 D - 6 darts of dispersal
 K - 6 boomerangs
Armour
 b - the cursed +0 troll leather armour "Manifest Awkwardness" (worn) {Regen+, Cun, Dev}
   (You found it on level 11 of the Dungeon)

   Regen+:    It increases your rate of health regeneration.
   It has a curse which improves the following skills: Cunning: Dodging and
   Stealth.
   Devices:   Evocations and Shapeshifting.
 s - the cursed +2 cloak of the Enigmatic Planets (worn) {Sorc, Dev}
   (You found it on level 3 of the Dungeon)

   It has a curse which improves the following skills: Sorcery: Conjurations and
   Alchemy.
   Devices:   Evocations and Shapeshifting.
 C - the cursed +0 buckler "Bound Seeker" (worn) {Fort, Sorc}
   (You took it off a gnoll sergeant on level 5 of the Dungeon)

   It has a curse which improves the following skills: Fortitude: Armour and
   Shields.
   Sorcery:   Conjurations and Alchemy.
Jewellery
 r - a ring of resist corrosion
   (You found it on level 3 of the Dungeon)
 u - a ring of positive energy
   (You found it on level 3 of the Dungeon)
 y - the cursed ring "Revealing Affliction" (right hand) {AC+4, Elem, Comp}
   (You found it on level 5 of the Dungeon)

   [ring of protection]

   AC+4:      It affects your AC (+4).
   It has a curse which improves the following skills: Elements: Fire Magic, Ice
   Magic, Air Magic and Earth Magic.
   Companions: Summonings and Necromancy.
 I - the ring "Naoton" {rC+ Will+ Str+6}
   (You bought it in a shop on level 7 of the Dungeon)

   [ring of strength]

   Str+6:     It affects your strength (+6).
   rC+:       It protects you from cold.
   Will+:     It increases your willpower.
 L - a +6 ring of dexterity (left hand)
   (You took it off Erica on level 9 of the Dungeon)
Talismans
 h - a beast talisman
   (You found it on level 1 of the Dungeon)
 k - a maw talisman
   (You found it on level 1 of the Dungeon)
Wands
 t - a wand of charming (4)
   (You took it off Amaemon on level 8 of the Dungeon)
 v - a wand of flame (8) {@v4}
   (You took it off Grinder on level 4 of the Dungeon)
Scrolls
 d - 2 scrolls of fog {!r}
 g - 2 scrolls of immolation
 m - 2 scrolls of revelation {@r5 !r}
 n - a scroll of enchant weapon
 w - 2 scrolls of poison {!r}
 A - a scroll of silence {!r}
 B - a scroll of vulnerability
 E - 4 scrolls of fear {!r}
 G - a scroll of amnesia
 J - a scroll of butterflies {!r}
 O - a scroll of blinking {@r4}
Potions
 c - 2 potions of invisibility
 e - 2 potions of berserk rage
 f - 2 potions of enlightenment
 i - 3 potions of lignification {@q6}
 j - a potion of heal wounds {@q2 !q}
 o - a potion of brilliance
 p - a potion of resistance
 q - 2 potions of haste {@q4 !q}
 M - a potion of mutation
 N - a potion of magic
 Q - a potion of ambrosia


   Skills:
 + Level 7.2 Fighting
 + Level 7.6(9.5) Short Blades
 - Level 10.0(11.8) Dodging
 + Level 9.3(11.1) Stealth
 - Level 5.0(6.8) Shields
 + Level 12.5 Spellcasting
 + Level 10.4 Hexes
 - Level 1.0(2.0) Ice Magic
 - Level 1.0(2.5) Shapeshifting


You had 28 spell levels left.
You knew the following spells:

 Your Spells              Type           Power      Damage    Failure   Level
a - Ensorcelled Hibernat  Hex/Ice        74%        N/A       1%          2
b - Confusing Touch       Hex            53%        N/A       1%          3
c - Tukima's Dance        Hex            53%        N/A       1%          3

Your spell library contained the following spells:

 Spells                   Type           Power      Damage    Failure   Level
 Dazzling Flash           Conj/Hex       68%        N/A       5%          3
 Shock                    Conj/Air       52%        1d6       16%         1
 Anguish                  Hex/Necr       16%        N/A       19%         4
 Fugue of the Fallen      Necr           13%        N/A       41%         3
 Swiftness                Air            13%        N/A       41%         3
 Airstrike                Air            6%         2d(1-17)  83%         4
 Vhi's Electric Charge    Tloc/Air       24%        N/A       85%         4
 Arcjolt                  Conj/Air       6%         1d16      99%         5
 Maxwell's Capacitive Co  Air            6%         ∞         100%        8


Dungeon Overview and Level Annotations

Branches:
Dungeon (13/15) Zot: 26455  Temple (0/1) D:6            Lair (5/5) D:8 Zot: 26831
  Slime (0/5) Lair:5
  Swamp: Lair:2-3    Shoals: Lair:2-3     Snake: Lair:2-3    Spider: Lair:2-3
    Orc: D:9-12      Vaults: D:13-14

Altars:
Ashenzari
Cheibriados
Kikubaaqudgha
Makhleb
Nemelex Xobeh
Ru
Sif Muna
Trog
Wu Jian
Yredelemnul
The Shining One

Shops:
D:7 *

Annotations:
D:4 2 transporters, Gandelf's ghost, amateur SpCj
D:5 1 runed translucent door
D:8 exclusion: ice statue
Lair:5 Urug


Innate Abilities, Weirdness & Mutations

You are very small and have problems with some larger weapons.
You are too small for most types of armour.
You have supernaturally acute eyesight. (SInv)
You cover ground extremely quickly. (Speed+++)


Message History

A rime drake and a blink frog come into view.
The blink frog croaks.
A catoblepas comes into view.
The rime drake hisses angrily.
You hear a roar!
The rime drake breathes ice at you. The icy flash freeze hits you!
You are encased in ice.
Casting: Ensorcelled Hibernation (safe; 1% risk of failure)
Confirm with . or Enter, or press ? or * to list all spells.
Your hands begin to glow red.
The catoblepas breathes a plume of calcifying dust at you.
The blast of calcifying dust hits you.
The blast of calcifying dust hits the rime drake.
A five-headed hydra comes into view.
The rime drake is engulfed in calcifying dust.
The rime drake is moving more slowly.
You block the rime drake's attack.
Ashenzari invites you to partake of a vision and a curse of fortitude and devices.
A six-headed hydra comes into view.
The rime drake is engulfed in calcifying dust.
The rime drake stops moving altogether!
The catoblepas breathes a plume of calcifying dust at you.
The blast of calcifying dust hits you but does no damage.
The blink frog blinks!
The rime drake is engulfed in calcifying dust.
The rime drake is engulfed in calcifying dust.
The ice encasing you melts away.
The rime drake is engulfed in calcifying dust.
The catoblepas breathes a plume of calcifying dust at you.
The blast of calcifying dust hits you! The blink frog completely misses you.
The five-headed hydra is engulfed in calcifying dust.
The five-headed hydra stops moving altogether!
The blink frog completely misses you.
The five-headed hydra is engulfed in calcifying dust. x2
A water moccasin comes into view.
The blink frog attacks as it pursues you!
You block the blink frog's attack.
The five-headed hydra is engulfed in calcifying dust.
The helpless five-headed hydra fails to defend itself.
You hit the five-headed hydra but do no damage.
The rime drake is no longer petrified.
The blink frog misses you.
The helpless five-headed hydra fails to defend itself.
You hit the five-headed hydra but do no damage.
The five-headed hydra appears confused.
You block the blink frog's attack.
The helpless five-headed hydra fails to defend itself.
You perforate the five-headed hydra like a sieve!!!!
The five-headed hydra is severely wounded.
The helpless five-headed hydra fails to defend itself.
You spit the five-headed hydra like a pig!!!!
You kill the five-headed hydra!
The blink frog hits you but does no damage.
You hit the blink frog but do no damage.
The blink frog is poisoned.
The blink frog blinks!
The rime drake breathes ice at you. The icy flash freeze hits you!
You are encased in ice.
You hear an angry hiss.
The catoblepas attacks as it pursues you!
The catoblepas gores you!
The catoblepas attacks as it pursues you!
The catoblepas misses you.
The blink frog blinks!
Throw: 17 darts (curare)
Press: ? - help, Q - select action, (/) - cycle Shift-Dir - straight line, f - catoblepas
Aim: a catoblepas (90% to hit)
You throw a curare-tipped dart.
The curare-tipped dart hits the catoblepas.
The catoblepas is poisoned.
The catoblepas struggles to breathe.
The catoblepas seems to slow down.
The catoblepas is lightly wounded.
The catoblepas breathes a plume of calcifying dust at you.
The blast of calcifying dust hits you. The ice encasing you melts away.
Throw: 16 darts (curare)
Press: ? - help, Q - select action, (/) - cycle Shift-Dir - straight line, f/p - catoblepas
Aim: a catoblepas (calcifying dust, lightly wounded, very poisoned, slow, 90% to hit)
You throw a curare-tipped dart.
The curare-tipped dart hits the catoblepas.
The catoblepas looks as sick as possible!
The catoblepas struggles to breathe.
The catoblepas seems to be slow for longer.
The catoblepas is moderately wounded.
The blink frog blinks!
The catoblepas smashes its foot into the ground.
Urug shouts!
The rime drake is engulfed in calcifying dust.
The rime drake is moving more slowly.
The catoblepas breathes a plume of calcifying dust at you.
The blast of calcifying dust hits you but does no damage.
The blast of calcifying dust hits the plant!
The plant begins to die.
The plant is engulfed in calcifying dust.
The plant is engulfed in calcifying dust.
The plant turns to stone!
The plant is engulfed in calcifying dust.
The plant is engulfed in calcifying dust.
The blink frog enters a dispersal trap!
You blink.
The blink frog blinks!
Urug throws a javelin.
The javelin pierces through you!!
You die...
Urug says, "One more harpy dead."

#P......###......##
##P....#†....F....##
##..P...........o..## **
#.............†.....# *,*
.........##......####*## ***,
..#......###.§§..#####.#*##**,
.#####D..# ##......#...##.##.,
..## ##..## #...§.§..#...(...,
...###P...####P.@.P......#..#**
...........§...§Y§§§.P......**,
..♣♣..♣♣....♣♣♣.♣♣§...F..♣*****
♣♣♣♣♣♣♣♣♣..♣♣ ♣♣♣♣♣♣(.§♣♣♣ ♣***
♣♣♣♣ ♣♣(♣♣ **,** ♣.♣♣ ,,{,**
♣.♣♣ * ,,,,,* ♣♣k.♣♣ ***
**,,*** *♣....♣*****,,


You could see a catoblepas (very poisoned, slow), Urug and a blink frog.

Vanquished Creatures
  Snorg (Lair:3)
  A hydra (Lair:5)
  Erica (D:9)
  3 two-headed ogres
  Sonja (D:12)
  A skyshark (Lair:5)
  Amaemon (D:8)
  A lindwurm (Lair:3)
  Pikel (D:9)
  An ugly thing (D:12)
  A meliai (D:13)
  An elephant (D:8)
  Joseph (D:8)
  A black mamba (Lair:5)
  An orange demon (D:8)
  6 cane toads
  A komodo dragon (Lair:5)
  2 trolls
  A polar bear (Lair:5)
  A hornet (D:9)
  Grinder (D:4)
  A shadow (D:11)
  A vampire (D:12)
  5 wyverns
  A basilisk (Lair:4)
  7 yaks
  2 vampire mosquitoes
  6 water moccasins
  2 orc warriors (D:7)
  2 black bears
  12 wolves
  A centaur (D:9)
  3 lemures (D:9)
  3 kobold brigands
  A phantom (D:6)
  3 bullfrogs (D:8)
  6 scorpions
  A gnoll sergeant (D:5)
  13 killer bees
  2 howler monkeys (D:9)
  7 jellies
  A hound (D:7)
  3 orc priests
  A sleepcap (D:6)
  2 iguanas
  4 orc wizards
  6 gnolls
  7 adders
  A shadow imp (D:8)
  A white imp (D:8)
  3 dart slugs
  23 orcs
  An endoplasm (D:2)
  4 giant cockroaches
  2 goblins
  2 hobgoblins
  2 jackals (D:4)
  2 quokkas
  4 ball pythons
  2 bats
  2 frilled lizards
  25 kobolds
  A kobold skeleton (D:5)
  5 rats
212 creatures vanquished.

Vanquished Creatures (collateral kills)
  A gargoyle (D:12)
  A troll (D:12)
  3 slime creatures (D:12)
5 creatures vanquished.

Vanquished Creatures (others)
  A meliai (D:12)
1 creature vanquished.

Grand Total: 218 creatures vanquished

Notes
Turn   | Place    | Note
-------+----------+-------------------------------------------
     0 | D:1      | EnegeticOcto the Spriggan Enchanter began the quest for the
                  | Orb.
     0 | D:1      | Reached XP level 1. HP: 9/9 MP: 5/5
   443 | D:2      | Reached skill level 3 in Spellcasting
   499 | D:2      | Reached skill level 4 in Hexes
   499 | D:2      | Reached XP level 2. HP: 6/13 MP: 7/7
   502 | D:2      | Learned a level 2 spell: Ensorcelled Hibernation
   634 | D:3      | Reached skill level 5 in Stealth
   643 | D:3      | Reached skill level 1 in Ice Magic
   643 | D:3      | Reached XP level 3. HP: 15/16 MP: 4/8
   647 | D:3      | Learned a level 3 spell: Confusing Touch
   651 | D:3      | Learned a level 3 spell: Tukima's Dance
   925 | D:3      | You fall into a shaft and drop 1 floor!
   946 | D:4      | Found a transporter.
   946 | D:4      | Noticed an ogre
   946 | D:4      | Noticed Gandelf's ghost (amateur SpCj)
   954 | D:4      | Reached skill level 3 in Dodging
  1006 | D:4      | Reached XP level 4. HP: 21/21 MP: 7/10
  1054 | D:4      | Found a transporter.
  1194 | D:4      | Noticed a scorpion
  1194 | D:4      | Noticed a scorpion
  1230 | D:4      | Killed a scorpion
  1231 | D:4      | Reached skill level 2 in Short Blades
  1231 | D:4      | Reached XP level 5. HP: 24/24 MP: 2/11
  1278 | D:4      | Reached skill level 6 in Stealth
  1278 | D:4      | Reached skill level 4 in Spellcasting
  1337 | D:3      | Reached skill level 4 in Dodging
  1337 | D:3      | Reached skill level 5 in Hexes
  1357 | D:3      | Reached XP level 6. HP: 28/28 MP: 1/13
  1399 | D:3      | Found an ancient bone altar of Kikubaaqudgha.
  1420 | D:3      | Found a shimmering blue altar of Sif Muna.
  1485 | D:4      | Found a broken altar of Ashenzari.
  1489 | D:4      | Became a worshipper of Ashenzari the Shackled
  1493 | D:4      | Found a sparkling altar of Nemelex Xobeh.
  1496 | D:4      | Found an ornate altar of the Wu Jian Council.
  1572 | D:4      | Noticed Grinder
  1632 | D:4      | Killed Grinder
  1633 | D:4      | Reached skill level 3 in Short Blades
  1633 | D:4      | Reached skill level 5 in Dodging
  1633 | D:4      | Reached skill level 7 in Stealth
  1633 | D:4      | Reached XP level 7. HP: 14/32 MP: 6/14
  1707 | D:4      | Identified the +6 giant club of Ointment {freeze, rF+}
  1730 | D:5      | Entered Level 5 of the Dungeon
  1781 | D:5      | Reached skill level 4 in Short Blades
  1781 | D:5      | Reached skill level 6 in Hexes
  1911 | D:5      | Reached skill level 1 in Fighting
  2055 | D:5      | Noticed a human
  2055 | D:5      | Found a runed translucent door.
  2070 | D:5      | Found a basalt altar of Yredelemnul.
  2123 | D:6      | Found a snail-covered altar of Cheibriados.
  2165 | D:6      | Found a staircase to the Ecumenical Temple.
  2232 | D:6      | Reached skill level 8 in Stealth
  2232 | D:6      | Reached skill level 5 in Spellcasting
  2232 | D:6      | Reached XP level 8. HP: 35/38 MP: 7/16
  2260 | D:6      | Reached skill level 5 in Short Blades
  2273 | D:7      | Found a burning altar of Makhleb.
  2281 | D:7      | Reached skill level 2 in Fighting
  2389 | D:7      | Reached * piety under Ashenzari
  2389 | D:7      | Identified a scroll of acquirement
  2406 | D:7      | Reached skill level 6 in Spellcasting
  2417 | D:7      | Reached skill level 3 in Fighting
  2417 | D:7      | Reached skill level 6 in Short Blades
  2430 | D:7      | Found Ejump's Assorted Antiques.
  2454 | D:7      | Acquired 887 gold pieces
  2456 | D:7      | Bought a shiny orb for 384 gold pieces
  2456 | D:7      | Bought a coiled lapis lazuli ring for 160 gold pieces
  2456 | D:7      | Identified the ring "Naoton" {rC+ Will+ Str+6} (You bought
                  | it in a shop on level 7 of the Dungeon)
  2603 | D:8      | Noticed an orange demon
  2605 | D:8      | Noticed Amaemon
  2650 | D:8      | Killed an orange demon
  2651 | D:8      | Reached skill level 7 in Spellcasting
  2651 | D:8      | Reached XP level 9. HP: 43/45 MP: 18/20
  2666 | D:8      | Noticed an elephant
  2687 | D:8      | Killed Amaemon
  2688 | D:8      | Reached skill level 4 in Fighting
  2688 | D:8      | Reached skill level 7 in Short Blades
  2694 | D:8      | Reached skill level 8 in Spellcasting
  2739 | D:8      | Noticed Joseph
  2747 | D:8      | Killed Joseph
  2748 | D:8      | Reached skill level 5 in Fighting
  2793 | D:8      | Reached skill level 1 in Shapeshifting
  2820 | D:8      | Noticed an ice statue
  2835 | D:8      | Reached ** piety under Ashenzari
  2895 | D:8      | Found a sacrificial altar of Ru.
  2935 | D:9      | Reached skill level 6 in Fighting
  2968 | D:9      | Reached skill level 1 in Shields
  2975 | D:9      | Reached XP level 10. HP: 41/53 MP: 9/23
  2977 | D:9      | Noticed Erica
  2986 | D:9      | Noticed Pikel
  2989 | D:9      | Reached skill level 6 in Dodging
  2989 | D:9      | Reached skill level 7 in Hexes
  3011 | D:9      | Killed Erica
  3012 | D:9      | Reached skill level 2 in Shields
  3023 | D:9      | Killed Pikel
  3024 | D:9      | Reached skill level 7 in Dodging
  3024 | D:9      | Reached skill level 9 in Spellcasting
  3228 | D:10     | Entered Level 10 of the Dungeon
  3295 | D:12     | Noticed a two-headed ogre
  3306 | D:12     | Noticed Sonja
  3310 | D:12     | Killed a two-headed ogre
  3311 | D:12     | Reached skill level 3 in Shields
  3311 | D:12     | Reached skill level 8 in Hexes
  3312 | D:12     | Killed Sonja
  3313 | D:12     | Reached skill level 8 in Dodging
  3335 | D:13     | Noticed a cyclops
  3337 | D:13     | Noticed a six-headed hydra
  3341 | D:13     | Noticed a meliai
  3341 | D:13     | Noticed a meliai
  3353 | D:13     | Killed a meliai
  3354 | D:13     | Reached skill level 10 in Spellcasting
  3354 | D:13     | Reached XP level 11. HP: 28/56 MP: 8/26
  3419 | D:12     | Noticed a cyan ugly thing
  3440 | D:12     | Killed a cyan ugly thing
  3441 | D:12     | Reached skill level 4 in Shields
  3449 | D:12     | Reached skill level 9 in Dodging
  3515 | D:10     | Noticed a two-headed ogre
  3676 | D:11     | Noticed a two-headed ogre
  3689 | D:11     | Killed a two-headed ogre
  3713 | D:10     | Found a glowing golden altar of the Shining One.
  3761 | D:10     | Killed a two-headed ogre
  3776 | D:10     | Found a bloodstained altar of Trog.
  3811 | D:10     | Reached *** piety under Ashenzari
  3942 | D:11     | Reached skill level 11 in Spellcasting
  4113 | D:8      | Found a staircase to the Lair.
  4136 | D:8      | Reached skill level 10 in Dodging
  4140 | Lair:1   | Entered Level 1 of the Lair of Beasts
  4147 | Lair:1   | Reached skill level 5 in Shields
  4188 | Lair:1   | You fall into a shaft and drop 1 floor!
  4230 | Lair:2   | Reached skill level 9 in Hexes
  4278 | Lair:3   | Noticed a lindwurm
  4285 | Lair:3   | Killed a lindwurm
  4290 | Lair:3   | Noticed Snorg
  4304 | Lair:3   | Killed Snorg
  4323 | Lair:3   | Identified the +7 dagger of Mennem {flame, rN+}
  4333 | Lair:3   | Noticed a skyshark
  4406 | Lair:4   | Reached skill level 12 in Spellcasting
  4455 | Lair:5   | Entered Level 5 of the Lair of Beasts
  4477 | Lair:5   | Reached **** piety under Ashenzari
  4488 | Lair:5   | Reached XP level 12. HP: 62/62 MP: 4/29
  4497 | Lair:5   | Reached skill level 10 in Hexes
  4516 | Lair:4   | Noticed a four-headed hydra
  4553 | Lair:5   | Noticed Urug
  4555 | Lair:5   | Noticed an eight-headed hydra
  4567 | Lair:5   | Found a staircase to the Slime Pits.
  4573 | Lair:5   | Reached skill level 7 in Fighting
  4615 | Lair:5   | Reached skill level 9 in Stealth
  4680 | Lair:5   | Noticed a catoblepas
  4685 | Lair:5   | Noticed a five-headed hydra
  4686 | Lair:5   | Noticed a six-headed hydra
  4698 | Lair:5   | Killed a five-headed hydra
  4712 | Lair:5   | Hit by a javelin thrown by Urug

Illustrated notes

Levels and vault maps discovered:
D:1:      onia_arrival_pyramid, layout_basic
D:2:      cheibrodos_greedy_goblins, layout_rooms,
          chequers_serial_rivers_large_a
D:3:      minmay_recursive_quarters, layout_basic, mainiacjoe_overflow_alcove_2,
          mainiacjoe_overflow_concentric_impassable, uniq_terence, uniq_ijyb
D:4:      layout_loops_ring, grunt_temple_overflow_diamond,
          gammafunk_ghost_smash, uniq_menkaure, uniq_grinder
D:5:      nicolae_cairo_tiling_large_dashed, layout_basic,
          dk_yredelemnul_ordeal, marbit_many_paths
D:6:      layout_rooms, lemuel_tele_altar, cheibrodos_worm_habitat,
          temple_statues, serial_shops, nicolae_shop_behind_doors,
          kennysheep_generic_room_10
D:7:      layout_loops_cross, makhleb_heckhound_becter, serial_shops,
          nicolae_shop_stone, minmay_misc_feat_more_columns,
          kennysheep_windowed_goal, uniq_crazy_yiuf_cottage
D:8:      lemuel_ice_statue, layout_basic, old_standard_altar,
          grunt_lair_entry_orc_guard_hut, kennysheep_small_circle, uniq_joseph,
          uniq_amaemon
D:9:      minmay_opposing_rooms, layout_loops_ring, uniq_pikel, uniq_maggie,
          uniq_erica
D:10:     layout_roguey, mainiacjoe_overflow_chevrons, kennysheep_little_box,
          mainiacjoe_overflow_boulevard, serial_co_window_serial,
          co_window_paths_a, co_window_corner_a, co_window_paths_a,
          co_window_paths_a, co_window_corner_a, co_window_broadway_b,
          co_window_corner_cb, co_window_2corner, co_window_corner_b,
          co_window_2corner, co_window_paths_e, glass_columns_c,
          glass_columns_c, chequers_serial_rivers_marsh
D:11:     nicolae_cairo_tiling_very_big, layout_stronghold
D:12:     nicolae_whirlpool, layout_cross, minmay_misc_feat_x,
          minmay_crystal_box, uniq_sonja
D:13:     layout_basic, erik_vaults_1
Lair:1:   dreamdust_isle_of_ice, layout_cave_pods, st_stairs_7, uniq_gastronok,
          uniq_nergalle, uniq_jeremiah
Lair:2:   layout_roguey, minmay_shoals_entry_lonely_mermaid,
          hellmonk_talismancer
Lair:3:   layout_concentric_octagons, spider_nest_entry_funnel_web,
          minmay_holes, st_stairs_5, dpeg_oklob_1, infiniplex_staircase_pool,
          uniq_snorg
Lair:4:   layout_gridlike, ebering_ghost_inner_flame, beast_lair_carwin_5,
          serial_bayou_shore_b, serial_bayou_shore_b
Lair:5:   evil_forest, layout_loops_ring, minmay_slime_entry_jelly_boxes,
          nicolae_quartered_pool_impasse, chequers_serial_rivers_small_b,
          serial_bayou_shore_b, uniq_urug

Skill      XL: |  1  2  3  4  5  6  7  8  9 10 11 12 |
---------------+-------------------------------------+-----
Spellcasting   | 3 4 5 7 8 10 12 | 12.5
Hexes          | 4 5 6 8 9 10 | 10.4
Stealth        | 5 6 7 8 9 |  9.3
Ice Magic      | 1 |  1.0
Dodging        | 3 4 5 8 10 | 10.0
Short Blades   | 2 3 4 6 7 |  7.6
Fighting       | 1 3 6 7 |  7.2
Shapeshifting  | 1 |  1.0
Shields        | 1 3 5 |  5.0

Action                     |  1- 3 |  4- 6 |  7- 9 | 10-12 || total
---------------------------+-------+-------+-------+-------++-------
  Melee: Dagger            |    94 |       |       |       ||    94
         Short sword       |     3 |    71 |   136 |   147 ||   357
  Throw: Dart              |       |     6 |    11 |    13 ||    30
   Cast: Ensorcelled Hiber |    11 |    17 |    53 |    77 ||   158
         Confusing Touch   |       |     2 |     2 |     7 ||    11
 Invoke: Curse Item        |       |       |     3 |     3 ||     6
         Shatter the Chain |       |       |       |     1 ||     1
  Evoke: Wand              |       |       |       |     4 ||     4
    Use: Scroll            |     5 |       |     2 |     1 ||     8
         Potion            |       |       |       |     3 ||     3
   Stab: Sleeping          |    14 |    10 |    49 |    54 ||   127
         Confused          |       |     1 |     2 |     8 ||    11
         Petrified         |       |       |       |     4 ||     4
 Armour: Robe              |    35 |    17 |    41 |    29 ||   122
         Troll leather arm |       |       |       |    37 ||    37
  Dodge: Dodged            |    69 |    57 |    97 |   229 ||   452
  Block: Buckler           |       |       |       |    40 ||    40

Table legend:
 A = Kills in this place as a percentage of kills in the entire game.
 B = Kills by you in this place as a percentage of kills by you in the entire game.
 C = Kills by friends in this place as a percentage of kills by friends in the entire game.
 D = Other kills in this place as a percentage of other kills in the entire game.
 E = Experience gained in this place as a percentage of experience gained in the entire game.
 F = Experience gained in this place divided by the number of levels of this place that you have seen.
                   A       B       C       D       E      F
               +-------+-------+-------+-------+-------+----------------------
         Total | 100.0 | 100.0 | 100.0 |   N/A | 100.0 | 1482.4
       Dungeon |  83.2 |  82.8 | 100.0 |   N/A |  62.3 | 1278.3
          Lair |  16.8 |  17.2 |   0.0 |   N/A |  37.7 | 2013.2
               +-------+-------+-------+-------+-------+----------------------

Table legend: (Time is in decaauts)
 A = Elapsed time spent in this place.
 B = Non-inter-level travel time spent in this place.
 C = Inter-level travel time spent in this place.
 D = Time resting spent in this place.
 E = Time spent auto-exploring this place.
 F = Levels seen in this place.
 G = Mean time per level.
                   A        B        C        D        E       F      G
               +--------+--------+--------+--------+--------+-----+--------+
         Total |   3146 |   3069 |     77 |      0 |    135 |  18 |  174.8 |
       Dungeon |   2764 |   2687 |     77 |      0 |    135 |  13 |  212.6 |
          Lair |    382 |    382 |      0 |      0 |      0 |   5 |   76.4 |
               +--------+--------+--------+--------+--------+-----+--------+

Top non-repeatable levels by time:
     D:4: 458 daAuts
     D:8: 316 daAuts
     D:3: 307 daAuts
     D:1: 278 daAuts
    D:11: 269 daAuts
     D:5: 264 daAuts
    D:10: 184 daAuts
     D:9: 176 daAuts
  Lair:5: 164 daAuts
     D:7: 137 daAuts
     D:6: 133 daAuts
     D:2: 111 daAuts
    D:12: 101 daAuts
  Lair:3: 87 daAuts
  Lair:2: 54 daAuts
